 Dungeon Crawl Stone Soup version 0.30.1-11-g7821555f0a (webtiles) character file.

Game seed: 6035222227313579275

178 Peloso the Covered (level 5, -8/47 HPs)
             Began as a Minotaur Fighter on Dec 15, 2023.
             Mangled by Terence
             ... wielding a +2 flail of holy wrath
              (11 damage)
             ... on level 3 of the Dungeon.
             The game lasted 00:03:04 (2071 turns).

Peloso the Covered (Minotaur Fighter)               Turns: 2071, Time: 00:03:04

Health: -8/47      AC:  7    Str: 21    XL:     5   Next: 32%
Magic:  4/4        EV:  9    Int:  5    God:
Gold:   127        SH:  4    Dex: 11    Spells: 4/4 levels left

rFire   . . .        a - +0 long sword
rCold   . . .        c - +0 buckler
rNeg    . . .        b - +0 scale mail
rPois   .            (helmet restricted)
rElec   .            (no cloak)
rCorr   .            (no gloves)
SInv    .            (no boots)
Will    .....        (no amulet) Stlth
                     (no ring)
HPRegen 0.27/turn    (no ring)
MPRegen 0.09/turn

%: no passive effects
@: no status effects
A: horns 2, retaliatory headbutt
a: no special abilities


You were on level 3 of the Dungeon.
You visited 1 branch of the dungeon, and saw 4 of its levels.

You collected 127 gold pieces.

Inventory:

Hand Weapons
 a - a +0 long sword (weapon)
Armour
 b - a +0 scale mail (worn)
 c - a +0 buckler (worn)
Jewellery
 h - a +6 ring of strength
Wands
 k - a wand of iceblast (12)
Scrolls
 e - a scroll of fear {unknown}
 f - a scroll of enchant armour {unknown}
 g - 2 scrolls of identify {unknown}
 i - a scroll of teleportation {unknown}
Potions
 d - a potion of might
 j - 2 potions of curing {unknown}
 l - a potion of brilliance {unknown}
 m - a potion of degeneration {unknown}


   Skills:
 + Level 4.3 Fighting
 + Level 4.4 Long Blades
 + Level 5.0 Armour
 + Level 0.9 Dodging
 + Level 0.2 Stealth
 + Level 4.2 Shields


You had 4 spell levels left.
You didn't know any spells.
Your spell library was empty.

Dungeon Overview and Level Annotations

Branches:
Dungeon (4/15)
 Temple: D:4-7

Altars:
Uskayaw

Annotations:
D:3 Terence


Innate Abilities, Weirdness & Mutations

You have a pair of horns on your head.
You reflexively headbutt those who attack you in melee.


Message History

Terence hits you with a +2 flail of holy wrath.
You barely miss Terence. Your headbutt misses Terence.
Terence barely misses you.
You barely miss Terence. Your headbutt misses Terence.
Terence hits you with a +2 flail of holy wrath!
You hit Terence but do no damage.
Terence hits you with a +2 flail of holy wrath.
Terence says, "You're history."
Terence zaps a wand.
The puff of flame misses you.
You hit Terence but do no damage. You headbutt Terence, but do no damage.
Terence hits you with a +2 flail of holy wrath.
You barely miss Terence. You headbutt Terence, but do no damage.
Terence closely misses you.
You barely miss Terence.
Terence hits you with a +2 flail of holy wrath!
You completely miss Terence. Your headbutt misses Terence.
Terence hits you with a +2 flail of holy wrath.
Terence zaps a wand.
The puff of flame misses you.
You hit Terence but do no damage. Your headbutt misses Terence.
Terence closely misses you.
You barely miss Terence. You headbutt Terence, but do no damage.
You block Terence's attack.
You slash Terence!
Terence is heavily wounded.
Terence says, "How do you enjoy it?"
Terence hits you with a +2 flail of holy wrath.
You hit Terence but do no damage. You headbutt Terence, but do no damage.
Terence is heavily wounded.
Terence looks scornfully at you. Terence barely misses you.
You furiously retaliate!
You headbutt Terence. You closely miss Terence.
Terence is heavily wounded.
Terence zaps a wand.
The puff of flame hits you!
* * * LOW HITPOINT WARNING * * *
Terence hits you with a +2 flail of holy wrath.
* * * LOW HITPOINT WARNING * * *
You hit Terence. You headbutt Terence.
Terence is severely wounded.
Terence hits you with a +2 flail of holy wrath!
You die...

..... .......# .......#
......#########
###.##.........#
##....#.[.......##. #..
#..............
#.####.@@..)....#
######.#.##.?..<.....#
###....................#
##...##....................
..........#..#.............
≈≈≈≈≈≈≈...#..#...$......#..
..≈≈≈≈≈≈.............##.# .
8...._≈≈.##..............
..≈≈≈≈≈≈.##..........#.


You could see Terence.

Vanquished Creatures
  Natasha (thrice) (D:2)
  4 adders
  2 worms (D:2)
  2 dart slugs
  2 giant cockroaches (D:1)
  6 hobgoblins
  5 kobolds
  6 quokkas
  6 ball pythons
  2 bats
  A frilled lizard (D:2)
  7 goblins
  23 rats
69 creatures vanquished.

Notes
Turn   | Place    | Note
-------+----------+-------------------------------------------
     0 | D:1      | Peloso the Minotaur Fighter began the quest for the Orb.
     0 | D:1      | Reached XP level 1. HP: 19/19 MP: 0/0
   184 | D:1      | Found a faded altar of an unknown god.
   191 | D:1      | Reached XP level 2. HP: 27/27 MP: 1/1
   285 | D:1      | Reached skill level 4 in Armour
   935 | D:2      | Reached XP level 3. HP: 29/33 MP: 2/2
  1004 | D:2      | Noticed Natasha
  1010 | D:2      | Killed Natasha
  1014 | D:2      | Reached XP level 4. HP: 30/40 MP: 3/3
  1059 | D:2      | Identified the +5 dagger of Purpose {drain, rC+ Dex+4}
  1194 | D:2      | You fall into a shaft and drop 2 floors!
  1417 | D:2      | Noticed Natasha
  1425 | D:2      | Killed Natasha
  1872 | D:2      | Noticed Natasha
  1878 | D:2      | Killed Natasha
  1879 | D:2      | Reached XP level 5. HP: 39/46 MP: 4/4
  1934 | D:3      | Found a hide-covered altar of Uskayaw.
  1956 | D:3      | Reached skill level 5 in Armour
  2050 | D:3      | Noticed Terence
  2071 | D:3      | Mangled by Terence

Illustrated notes

Levels and vault maps discovered:
D:1:      dpeg_arrival_boxes_within_box, layout_basic,
          nicolae_ecumenical_snake_handling
D:2:      layout_basic, chequers_serial_rivers_micro_b, uniq_natasha
D:3:      layout_rooms, mainiacjoe_overflow_catwalk, minmay_rat_hole,
          uniq_terence
D:4:      minmay_opposing_rooms, layout_basic, zin_angel,
          lightli_temple_of_fire, minmay_temple_entry_statues_fountains,
          uniq_sigmund, uniq_crazy_yiuf_cottage, uniq_blork_the_orc

Skill      XL: |  1  2  3  4  5 |
---------------+----------------+-----
Armour         | 4 5 |  5.0
Fighting       | 4 |  4.3
Shields        | 4 |  4.2
Long Blades    | 3 4 |  4.4
Dodging        | |  0.9
Stealth        | |  0.2

Action                     |  1- 3 |  4- 6 || total
---------------------------+-------+-------++-------
  Melee: Long sword        |    64 |    99 ||   163
         Headbutt          |     3 |    21 ||    24
    Use: Potion            |     2 |       ||     2
 Armour: Scale mail        |    30 |    49 ||    79
  Dodge: Dodged            |    40 |    57 ||    97
  Block: Buckler           |    18 |    28 ||    46
